 Dungeon Crawl Stone Soup version 0.27-a0-242-ge0fc76b88b (webtiles) character file.

Game seed: 10454097314518844514

3666 hatsuma the Fighter (level 10, -2/115 HPs)
             Began as an Ogre Hunter on Feb 2, 2021.
             Was a Follower of Kikubaaqudgha.
             Slain by an unseen horror (4 damage)
             ... on level 9 of the Dungeon.
             The game lasted 00:53:35 (11207 turns).

hatsuma the Fighter (Ogre Hunter)                  Turns: 11207, Time: 00:53:36

Health: -2/115     AC:  3    Str: 18    XL:     10   Next: 12%
Magic:  13/14      EV: 10    Int: 15    God:    Kikubaaqudgha [*.....]
Gold:   362        SH:  0    Dex:  9    Spells: 14/15 levels left

rFire    . . .     SeeInvis .   A - +0 giant spiked club
rCold    . . .     Faith    .   (shield currently unavailable)
rNeg     . . .     Spirit   .   b - +0 robe
rPois    .         Reflect  .   (helmet restricted)
rElec    .         Harm     .   (no cloak)
rCorr    .         Rampage  .   (gloves unavailable)
Will     +....                  (boots unavailable)
Stlth    +.........             k - amulet of regeneration
HPRegen  0.69/turn              (no ring)
MPRegen  0.14/turn              (no ring)

@: lethally poisoned (-2 -> -3)
A: large, unfitting armour, tough skin 1
a: Renounce Religion, Receive Corpses


You were on level 9 of the Dungeon.
You worshipped Kikubaaqudgha.
Kikubaaqudgha was aware of your devotion.
You visited 2 branches of the dungeon, and saw 10 of its levels.

You collected 362 gold pieces.

Inventory:

Hand Weapons
 A - a +0 giant spiked club (weapon)
Missiles
 c - 5 large rocks
 e - 224 stones (quivered)
 y - 13 poisoned darts
Armour
 b - a +0 robe (worn)
Jewellery
 k - an amulet of regeneration (around neck)
 u - an uncursed ring of ice
Wands
 v - a wand of digging (6)
 w - a wand of random effects (14)
 x - a wand of polymorph (18)
Scrolls
 f - 9 scrolls of remove curse
 g - 9 scrolls of teleportation
 n - 4 scrolls of enchant armour
 o - 3 scrolls of magic mapping
 p - 3 scrolls of fear
 q - 2 scrolls of enchant weapon {unknown}
Potions
 a - 2 potions of lignification
 h - a potion of flight
 i - 3 potions of curing
 l - a potion of haste {unknown}
 m - 2 potions of brilliance {unknown}
 r - 2 potions of attraction {unknown}
 s - a potion of cancellation {unknown}
 t - a potion of berserk rage {unknown}
 z - 2 potions of mutation {unknown}
 B - a potion of degeneration {unknown}


   Skills:
 - Level 12.3 Fighting
 - Level 8.6 Maces & Flails
 - Level 5.2 Throwing
 - Level 2.0 Dodging
 - Level 0.6 Stealth
 - Level 3.3 Spellcasting
 + Level 0.0 Necromancy


You had 14 spell levels left.
You knew the following spells:

 Your Spells              Type           Power        Failure   Level
a - Pain                  Necr           8%           21%         1

Your spell library contained the following spells:

 Spells                   Type           Power        Failure   Level
 Corona                   Hex            2%           21%         1
 Corpse Rot               Necr/Air       N/A          30%         2
 Ensorcelled Hibernation  Hex/Ice        4%           30%         2
 Sublimation of Blood     Necr           1%           30%         2
 Confusing Touch          Hex            2%           52%         3
 Dazzling Flash           Conj/Hex       4%           52%         3
 Tukima's Dance           Hex            2%           52%         3
 Vampiric Draining        Necr           1%           52%         3


Dungeon Overview and Level Annotations

Branches:
Dungeon (9/15)             Temple (1/1) D:6
   Lair: D:8-11         Orc: D:9-12

Altars:
Ashenzari
Cheibriados
Dithmenos
Elyvilon
Fedhas
Gozag
Hepliaklqana
Kikubaaqudgha
Makhleb
Nemelex Xobeh
Okawaru
Qazlal
Ru
Sif Muna
Trog
Uskayaw
Vehumet
Wu Jian
Xom
Yredelemnul
Zin
The Shining One

Shops:
D:6 }

Annotations:
D:3 1 runed translucent door, Crazy Yiuf
D:5 Sigmund
D:8 2 transporters, ardl's ghost, novice PaBe


Innate Abilities, Weirdness & Mutations

You are too large for most types of armour.
You have tough skin. (AC +1)


Message History

Something hits you.
* * * LOW HITPOINT WARNING * * *
The adder bites you.
* * * LOW HITPOINT WARNING * * *
You completely miss the adder.
You feel sick. Something hits you!
* * * LOW HITPOINT WARNING * * *
The adder barely misses you. x2
You hit the adder.
The adder is lightly wounded.
You feel sick. Something hits you!
* * * LOW HITPOINT WARNING * * *
The adder bites you but does no damage. The adder bites you.
* * * LOW HITPOINT WARNING * * *
You are more poisoned.
The adder poisons you!
You closely miss the adder.
The adder is lightly wounded.
You feel sick. Something hits you.
You die...
Kikubaaqudgha rasps: "You have failed me!
Welcome... death!"

##......#.###.##
#####.......(.......
#..##.......#.###.##
#...##......#.# .#
##..#.......#.# .##
#...........#.. ...
#...........### #.##
#.........(.#
##...##
####......<@###.....
#.......S.##o..#
##........#...#
#.....#...h.##
####..#..#...#
#...##.##...#
#...##.###.....
#......# #...#
#.....?# #.##


You could see an adder.

Vanquished Creatures
  A manticore (D:9)
  Joseph (D:8)
  A komodo dragon (D:9)
  Prince Ribbit (D:8)
  A wyvern (D:8)
  A sky beast (D:7)
  An ice beast (D:7)
  7 ogres
  A necrophage (D:8)
  A phantom (D:6)
  2 centaurs
  Blork the orc (D:6)
  3 bullfrogs
  6 scorpions
  2 howler monkeys
  A centaur zombie (D:7)
  3 hounds
  4 orc priests
  A centaur skeleton (D:7)
  An iguana (D:8)
  Jessica (D:2)
  An orc wizard (D:8)
  4 worker ants
  8 adders
  A howler monkey skeleton (D:4)
  3 white imps
  An ufetubus (D:7)
  2 oozes
  An adder skeleton (D:3)
  4 worms
  2 dart slugs
  2 leopard geckos (D:5)
  15 orcs
  2 ball pythons
  9 giant cockroaches
  8 goblins
  4 hobgoblins
  5 jackals
  9 kobolds
  A ball python skeleton (D:4)
  7 bats
  6 frilled lizards
  A quokka skeleton (D:7)
  6 rats
143 creatures vanquished.

Vanquished Creatures (others)
  6 plants (D:1)
6 creatures vanquished.

Grand Total: 149 creatures vanquished

Notes
Turn   | Place    | Note
-------+----------+-------------------------------------------
     0 | D:1      | hatsuma the Ogre Hunter began the quest for the Orb.
     0 | D:1      | Reached XP level 1. HP: 22/22 MP: 1/1
    24 | D:1      | Reached skill level 3 in Fighting
   250 | D:1      | Reached XP level 2. HP: 31/32 MP: 2/2
   326 | D:1      | Reached skill level 4 in Fighting
   691 | D:1      | Reached XP level 3. HP: 37/40 MP: 3/3
  1188 | D:2      | Found a blossoming altar of Fedhas.
  1198 | D:2      | Reached skill level 5 in Fighting
  1278 | D:2      | Noticed Jessica
  1280 | D:2      | Killed Jessica
  1281 | D:2      | Reached skill level 1 in Maces & Flails
  1281 | D:2      | Reached XP level 4. HP: 50/50 MP: 4/4
  3205 | D:2      | Reached XP level 5. HP: 50/57 MP: 5/5
  3334 | D:3      | Reached skill level 6 in Fighting
  3557 | D:3      | Found a runed translucent door.
  3558 | D:3      | Noticed Crazy Yiuf
  4302 | D:4      | Noticed an ogre
  4311 | D:4      | Killed an ogre
  4312 | D:4      | Reached XP level 6. HP: 34/67 MP: 6/6
  5683 | D:5      | Entered Level 5 of the Dungeon
  5683 | D:5      | Found a snail-covered altar of Cheibriados.
  5777 | D:5      | Reached skill level 7 in Fighting
  5996 | D:5      | Found a glowing silver altar of Zin.
  6011 | D:5      | Found a shadowy altar of Dithmenos.
  6033 | D:5      | Reached XP level 7. HP: 61/78 MP: 7/7
  6342 | D:5      | Reached skill level 8 in Fighting
  6448 | D:5      | Noticed Sigmund
  6531 | D:6      | Found a bloodstained altar of Trog.
  6557 | D:5      | HP: 4/81 [poisoned by a scorpion]
  6565 | D:5      | HP: 4/81 [poisoned by a scorpion]
  6901 | D:6      | Reached skill level 9 in Fighting
  7580 | D:6      | Reached XP level 8. HP: 53/92 MP: 8/8
  7642 | D:6      | Found Dobbauso's Gadget Emporium.
  7692 | D:6      | Found a staircase to the Ecumenical Temple.
  7698 | Temple   | Entered the Ecumenical Temple
  7838 | D:6      | Found a blossoming altar of Fedhas.
  7840 | D:6      | Found an ancient bone altar of Kikubaaqudgha.
  7845 | D:6      | Became a worshipper of Kikubaaqudgha
  8017 | D:6      | Noticed Blork the orc
  8064 | D:6      | Killed Blork the orc
  8065 | D:6      | Reached skill level 5 in Throwing
  8348 | D:6      | Found a burning altar of Makhleb.
  8349 | D:6      | Found a hazy altar of Hepliaklqana.
  8611 | D:6      | Reached skill level 5 in Maces & Flails
  8685 | D:7      | HP: 4/92 [ogre/+0 giant spiked club (18)]
  9082 | D:7      | Reached skill level 10 in Fighting
  9455 | D:7      | Reached XP level 9. HP: 78/102 MP: 9/9
  9501 | D:7      | Found a snail-covered altar of Cheibriados.
  9651 | D:8      | Reached skill level 11 in Fighting
  9833 | D:8      | Noticed Prince Ribbit
  9846 | D:8      | Killed Prince Ribbit
  9978 | D:8      | Found a transporter.
  9978 | D:8      | Found a transporter.
  9979 | D:8      | Noticed ardl's ghost (novice PaBe)
  9979 | D:8      | Noticed a hornet
 10158 | D:8      | Found a sparkling altar of Nemelex Xobeh.
 10230 | D:8      | Noticed Joseph
 10289 | D:8      | HP: 5/105 [Joseph/+0 quarterstaff (18)]
 10293 | D:8      | Killed Joseph
 10294 | D:8      | Reached skill level 12 in Fighting
 10757 | D:9      | Noticed a two-headed ogre
 10845 | D:9      | Noticed a manticore
 10927 | D:9      | Killed a manticore
 10927 | D:9      | Reached * piety under Kikubaaqudgha
 10927 | D:9      | Identified Kikubaaqudgha's Collected Works on Stolen Souls
                  | (Kikubaaqudgha gifted it to you on level 9 of the Dungeon)
 10927 | D:9      | Received a gift from Kikubaaqudgha
 10930 | D:9      | Reached XP level 10. HP: 112/115 MP: 10/10
 11000 | D:9      | Learned a level 1 spell: Pain
 11130 | D:8      | Reached skill level 1 in Spellcasting
 11202 | D:9      | HP: 5/115 [something (7)]
 11202 | D:9      | HP: 2/115 [something (1)]
 11207 | D:9      | HP: 2/115 [poisoned by an adder]
 11207 | D:9      | Slain by an unseen horror

Illustrated notes

Levels and vault maps discovered:
D:1:      tarquinn_simple_flora_water_e, layout_basic, chequers_big_river,
          minmay_misc_feat_plants
D:2:      layout_loops_cross, minmay_strange_pillars, fedhas_ov_isle_minmay,
          uniq_jessica
D:3:      layout_basic, kennysheep_potato, uniq_crazy_yiuf_cottage
D:4:      layout_loops_ring
D:5:      layout_basic, lemuel_doored_altar, overflow_temple_1_default,
          cheibriados_altar_1, uniq_sigmund
D:6:      layout_gridville, grunt_temple_overflow_growth_and_decay,
          gammafunk_temple_overflow_pools, temple_green, basic_altar,
          serial_shops, nicolae_shop_behind_doors, kennysheep_doodads,
          uniq_blork_the_orc
D:7:      layout_layer_cave, lemuel_coloured_pillars_altar
D:8:      layout_loops_ring, gammafunk_ghost_hive, mrwooster_statue_mirror,
          nemelex_spade_bored_becter, uniq_prince_ribbit1, uniq_joseph
D:9:      minmay_the_grid_3x3 [minmay_the_grid_outer_diamond,
          minmay_the_grid_mess, minmay_the_grid_paths,
          minmay_the_grid_minigrid_large, minmay_the_grid_stretched_grid,
          minmay_the_grid_tree, minmay_the_grid_odd_star,
          minmay_the_grid_holed_spiral, minmay_the_grid_prize_trominoes],
          layout_cave_pools, orc_0_dummy, st_stairs_5, hex_tiny
Temple:   nicolae_temple_no_exploring_needed

Skill      XL: |  1  2  3  4  5  6  7  8  9 10 |
---------------+-------------------------------+-----
Fighting       | 3 4 5 6 7 9 10 12 | 12.3
Maces & Flails | 1 2 3 4 6 8 |  8.6
Dodging        | 2 |  2.0
Throwing       | 5 |  5.2
Spellcasting   | 3 |  3.3
Stealth        | |  0.6

Action                   |  1- 3 |  4- 6 |  7- 9 | 10-12 || total
-------------------------+-------+-------+-------+-------++-------
Melee: Short sword       |    75 |       |       |       ||    75
       Club              |     9 |    78 |       |       ||    87
       Mace              |       |    75 |       |       ||    75
       Giant club        |       |    85 |     5 |       ||    90
       Giant spiked club |       |       |   196 |    38 ||   234
Throw: Large rock        |     4 |     9 |     6 |       ||    19
       Stone             |    44 |    30 |    29 |     1 ||   104
       Throwing net      |       |     1 |     3 |     1 ||     5
       Boomerang         |       |     7 |     7 |       ||    14
       Dart              |       |       |     7 |       ||     7
 Cast: Pain              |       |       |       |     1 ||     1
Evoke: Wand              |       |       |       |     1 ||     1
  Use: Scroll            |       |     9 |     2 |       ||    11
       Potion            |       |     2 |     1 |     1 ||     4
 Stab: Sleeping          |       |     1 |       |       ||     1
Armor: Robe              |    24 |    73 |    37 |     8 ||   142
Dodge: Dodged            |    50 |   145 |   135 |    24 ||   354

Table legend: (Time is in decaauts)
 A = Elapsed time spent in this place.
 B = Non-inter-level travel time spent in this place.
 C = Inter-level travel time spent in this place.
 D = Time resting spent in this place.
 E = Time spent auto-exploring this place.
 F = Levels seen in this place.
 G = Mean time per level.
                   A        B        C        D        E       F      G
               +--------+--------+--------+--------+--------+-----+--------+
         Total |  11433 |  11090 |    343 |   4561 |   2686 |  10 | 1143.3 |
       Dungeon |  11431 |  11088 |    343 |   4561 |   2686 |   9 | 1270.1 |
        Temple |      1 |      1 |      0 |      0 |      0 |   1 |    1.0 |
               +--------+--------+--------+--------+--------+-----+--------+

Top non-repeatable levels by time:
     D:4: 1898 daAuts
     D:6: 1782 daAuts
     D:8: 1477 daAuts
     D:3: 1423 daAuts
     D:2: 1336 daAuts
     D:5: 1182 daAuts
     D:1: 1152 daAuts
     D:7: 1037 daAuts
     D:9: 140 daAuts
  Temple: 1 daAuts
